 Dungeon Crawl Stone Soup version 0.27.1-3-gb3d3a73c9e (webtiles) character file.

Game seed: 3134703379266707038

24 omarspendo the Skirmisher (level 3, -10/33 HPs)
             Began as a Hill Orc Fighter on Oct 21, 2021.
             Mangled by an ogre (20 damage)
             ... on level 2 of the Dungeon.
             The game lasted 00:03:30 (1125 turns).

omarspendo the Skirmisher (Hill Orc Fighter)        Turns: 1125, Time: 00:03:31

Health: -10/33     AC:  6    Str: 18    XL:     3   Next: 2%
Magic:  3/3        EV:  7    Int:  8    God:
Gold:   32         SH:  9    Dex: 11    Spells: 2/2 levels left

rFire    . . .     SeeInvis .   a - +0 war axe
rCold    . . .     Faith    .   c - +0 kite shield
rNeg     . . .     Spirit   .   b - +0 scale mail
rPois    .         Reflect  .   (no helmet)
rElec    .         Harm     .   (no cloak)
rCorr    .         Rampage  .   (no gloves)
Will     .....                  (no boots)
Stlth    ..........             (no amulet)
HPRegen  0.11/turn              (no ring)
MPRegen  0.08/turn              (no ring)

@: no status effects
A: no striking features
a: no special abilities


You were on level 2 of the Dungeon.
You visited 1 branch of the dungeon, and saw 2 of its levels.

You collected 32 gold pieces.

Inventory:

Hand Weapons
 a - a +0 war axe (weapon)
Missiles
 h - 25 bolts
Armour
 b - a +0 scale mail (worn)
 c - a +0 kite shield (worn)
Jewellery
 g - a ring of resist corrosion
Scrolls
 e - a scroll of enchant armour {unknown}
 f - a scroll of enchant weapon {unknown}
Potions
 d - a potion of might


   Skills:
 + Level 4.1 Fighting
 + Level 3.2 Axes
 + Level 3.5 Armour
 + Level 3.5 Shields


You had 2 spell levels left.
You didn't know any spells.
Your spell library was empty.

Dungeon Overview and Level Annotations

Branches:
Dungeon (2/15)

Altars:


Message History

You block the bat's attack.
You slash the bat!
You kill the bat!
You see here a bat corpse.
Found a stone staircase leading down.
An endoplasm comes into view.
The endoplasm quivers.
A quokka comes into view.
You block the endoplasm's attack.
You hit the endoplasm.
The endoplasm is lightly wounded.
The endoplasm hits you but does no damage.
The endoplasm barely misses you.
You slash the endoplasm!
You kill the endoplasm!
The quokka bites you but does no damage. x2
You hit the quokka.
You kill the quokka!
Found a whip.
An endoplasm comes into view.
The endoplasm quivers.
An ogre comes into view. It is wielding a +0 giant club.
You slash the endoplasm!
You kill the endoplasm!
You have reached level 3!
Your experience leads to an increase in your attributes!
Increase (S)trength, (I)ntelligence, or (D)exterity?
You feel agile.
You see here a +0 whip.
Found 12 sling bullets.
Found a stone staircase leading up.
The ogre hits you with a +0 giant club!
You slash the ogre!
The ogre is moderately wounded.
The ogre hits you with a +0 giant club!
Ouch! That really hurt!
* * * LOW HITPOINT WARNING * * *
The goblin shouts!
The ogre hits you with a +0 giant club!!
Ouch! That really hurt!
You die...

#. #..#....... ..#
#.#.#######
#.#####.#.####
#.#..........#
#.#..##>####.###
#.#..##........#
##.#..##.#.##.#.#
#...g..#....#.#...
#@O#...#.#.##.# ##
#..#...#.#.##.#
#..#...g......#
#.###..#..........#
.......##.####..#.#
##....)......#.#
#..##.#####.#.#
....(##.# #.#.#
#......##.# #.#.#


You could see an ogre and a goblin.

Vanquished Creatures
  2 dart slugs (D:1)
  2 bats
  3 endoplasms
  2 giant cockroaches (D:1)
  2 goblins (D:1)
  2 kobolds (D:1)
  2 quokkas
  A ball python (D:1)
  A frilled lizard (D:1)
  A rat (D:1)
18 creatures vanquished.

Notes
Turn   | Place    | Note
-------+----------+-------------------------------------------
     0 | D:1      | omarspendo the Hill Orc Fighter began the quest for the
                  | Orb.
     0 | D:1      | Reached XP level 1. HP: 19/19 MP: 1/1
   146 | D:1      | Reached XP level 2. HP: 23/27 MP: 2/2
   700 | D:1      | Reached skill level 4 in Fighting
  1110 | D:2      | Noticed an ogre
  1112 | D:2      | Reached XP level 3. HP: 33/33 MP: 3/3
  1125 | D:2      | Mangled by an ogre

Illustrated notes

Levels and vault maps discovered:
D:1:      sevenhm_arrival_forest_fort_small_3, layout_basic
D:2:      layout_loops_ring, nrook_campfire

Skill      XL: |  1  2 |
---------------+-------+-----
Fighting       | 4 |  4.1
Axes           | 3 |  3.2
Armour         | |  3.5
Shields        | |  3.5

Action                   || total
-------------------------++-------
Melee: War axe           ||    64
Armor: Scale mail        ||    21
Dodge: Dodged            ||    21
Block: Kite shield       ||    34
